 Dungeon Crawl Stone Soup version 0.31.0-11-ge490571c62 (webtiles) character file.

Game seed: 13973328505643026535

720 qw the Ducker (level 7, -1/35 HPs)
             Began as a Spriggan Hunter on Feb 3, 2024.
             Incinerated by a bombardier beetle (4 damage)
             ... with a burning spray
             ... on level 4 of the Dungeon.
             The game lasted 00:00:12 (3225 turns).

qw the Ducker (Spriggan Hunter)                     Turns: 3225, Time: 00:00:13

Health: -1/35      AC:  2    Str:  7    XL:     7   Next: 42%
Magic:  8/8        EV: 22    Int: 11    God:
Gold:   173        SH:  0    Dex: 20    Spells: 6/6 levels left

rFire   . . .        a - +0 shortbow (drain)
rCold   . . .        (shield currently unavailable)
rNeg    . . .        c - +0 robe
rPois   .            (helmet restricted)
rElec   .            (no cloak)
rCorr   .            (gloves unavailable)
SInv    +            (boots unavailable)
Will    +....        (no amulet)
Stlth   +            (no ring)
HPRegen 0.25/turn    (no ring)
MPRegen 0.11/turn

%: no passive effects
@: on fire, glowing, very quick
A: very small, no large weapons, unfitting armour, see invisible, speed 3
a: no special abilities


You were on level 4 of the Dungeon.
You visited 1 branch of the dungeon, and saw 6 of its levels.
You also visited: Sewer.

You collected 173 gold pieces.


Innate Abilities, Weirdness & Mutations

You are very small and have problems with some larger weapons.
You are too small for most types of armour.
You have supernaturally acute eyesight. (SInv)
You cover ground extremely quickly. (Speed+++)


   Skills:
 - Level 2.9 Fighting
 + Level 7.0 Ranged Weapons
 - Level 7.1 Dodging
 - Level 1.5 Stealth


You had 6 spell levels left.
You didn't know any spells.
Your spell library was empty.

Inventory:

Hand Weapons
 a - a +0 shortbow of draining (weapon)
Armour
 c - a +0 robe (worn)
Potions
 d - a potion of enlightenment
 e - 2 potions of mutation
 f - a potion of attraction {unknown}
 g - a potion of lignification {unknown}
 j - a potion of might

Dungeon Overview and Level Annotations

Branches:
Dungeon (6/15)              Sewer (visited)
 Temple: D:4-7

Altars:
Cheibriados
Makhleb
Wu Jian
Zin

Shops:
D:2 [


Message History

You shoot an arrow. The arrow hits the bombardier beetle.
The bombardier beetle is heavily wounded.
The bombardier beetle sprays incendiary fluid at you.
The burning spray misses you.
You shoot an arrow.
The arrow hits the bombardier beetle but does no damage.
You drain the bombardier beetle.
The bombardier beetle is heavily wounded.
You shoot an arrow.
The arrow barely misses the bombardier beetle.
You shoot an arrow.
The arrow barely misses the bombardier beetle.
The bombardier beetle sprays incendiary fluid at you.
The burning spray hits you.
You are covered in liquid fire!
You shoot an arrow. The arrow hits the bombardier beetle!
You kill the bombardier beetle!
The liquid fire burns you!
Your Dodging skill increases to level 7!
You are on fire!
The liquid fire burns you!
You are on fire!
The liquid fire burns you!
You are on fire!
The liquid fire burns you!
You are on fire!
The liquid fire burns you!
You are on fire!
The liquid fire burns you!
You are on fire!
The liquid fire burns you!
You are on fire!
The liquid fire burns you!
You are on fire!
The liquid fire burns you!
You are on fire!
The liquid fire burns you!
You are on fire!
The liquid fire burns you!
You die...

..5.. ... #................##.
..... #)..####...................
...5.##.#....#...................
....?...# #..................#..
......5)####.....................
#..............................
#....%###.5....................
#.##.###..#####................ #
#.###.## #.@.........%).....
#..##. #)######...........
#####...######)######...........
##...##.##...##..................
#.8.8.#.#.8.8.#<..####...........
#.._..#.#.._..#.#.######.###.####
#.8...#.#...8.#.#.#..........#
##...'#.#'...##...........####
.#####.).#####..#.........#


There were no monsters in sight!

Vanquished Creatures
  Pargi (Sewer)
  A black bear (D:4)
  An ice beast (D:4)
  A lemure (D:4)
  A phantom (D:6)
  2 brain worms (Sewer)
  2 bombardier beetles (D:4)
  A hound (D:3)
  An orc wizard (D:4)
  3 gnolls (D:4)
  2 adders (D:3)
  A shadow imp (D:6)
  2 dart slugs
  2 ribbon worms
  3 orcs (D:4)
  A bat (D:2)
  6 endoplasms
  4 giant cockroaches
  5 goblins
  5 hobgoblins
  2 jackals (D:1)
  9 kobolds
  2 quokkas
  9 ball pythons
  12 frilled lizards
  5 rats
84 creatures vanquished.

Notes
Turn   | Place    | Note
-------+----------+-------------------------------------------
     0 | D:1      | qw the Spriggan Hunter began the quest for the Orb.
     0 | D:1      | Reached XP level 1. HP: 10/10 MP: 2/2
     0 | D:1      | 0 ||| qw: Version: 0.3-a-157-g843a77d
     0 | D:1      | 0 ||| qw: Game counter: 3678
     0 | D:1      | 0 ||| qw: Melee chars always use a shield: true
     0 | D:1      | 0 ||| qw: God list: Okawaru
     0 | D:1      | 0 ||| qw: Allow faded altars: false
     0 | D:1      | 0 ||| qw: Do Orc after clearing Dungeon:15 true
     0 | D:1      | 0 ||| qw: Do second Lair branch before Depths: true
     0 | D:1      | 0 ||| qw: Lair rune preference: random
     0 | D:1      | 0 ||| qw: Goals: Normal
     0 | D:1      | 0 ||| PLANNING D:1-11
    13 | D:1      | Reached skill level 3 in Dodging
   185 | D:1      | Noticed a golden eye
   187 | D:1      | Found a faded altar of an unknown god.
   189 | D:1      | Noticed a shining eye
   189 | D:1      | Noticed a glass eye
   189 | D:1      | Noticed a great orb of eyes
   197 | D:1      | Reached XP level 2. HP: 14/14 MP: 3/3
   649 | D:1      | 649 ||| READING scroll labelled LAFULE QUGEOXY.
   650 | D:1      | 650 ||| READING scroll labelled LAXATZ UDGHURHA.
   651 | D:1      | 651 ||| DROPPING scroll of butterflies.
  1061 | D:2      | Identified the +2 dagger of Destiny {flame, Stlth+}
  1104 | D:2      | Reached XP level 3. HP: 18/18 MP: 4/4
  1116 | D:2      | Found Naghor's Antique Armour Shop.
  1474 | D:2      | 1474 ||| READING scroll labelled TEOTUG ITOTS.
  1474 | D:2      | 1474 ||| IDENTIFYING 2 fizzy yellow potions
  1475 | D:2      | 1475 ||| READING scroll labelled UFEFAY COAR.
  1476 | D:2      | 1476 ||| READING scroll labelled KUMOGHU LUTHI.
  1476 | D:2      | 1476 ||| BRANDING +0 shortbow.
  1477 | D:2      | 1477 ||| READING scroll labelled SUS COEGUXAPIL.
  1498 | D:3      | 1498 ||| PLANNING SEWER
  1630 | D:3      | Reached XP level 4. HP: 22/22 MP: 5/5
  1983 | D:3      | Found a glowing drain.
  1984 | D:3      | 1984 ||| READING scroll of identify.
  1984 | D:3      | 1984 ||| IDENTIFYING bubbling sapphire potion
  1988 | Sewer    | Entered a sewer
  1989 | Sewer    | Noticed a brain worm
  1996 | Sewer    | Killed a brain worm
  1997 | Sewer    | Reached skill level 6 in Dodging
  1997 | Sewer    | Reached XP level 5. HP: 12/25 MP: 3/6
  2066 | Sewer    | Noticed Pargi
  2078 | Sewer    | HP: 3/25 [Pargi (5)]
  2082 | Sewer    | HP: 1/25 [Pargi (2)]
  2083 | Sewer    | Killed Pargi
  2240 | Sewer    | Reached XP level 6. HP: 32/32 MP: 7/7
  2332 | Sewer    | 2332 ||| READING scroll labelled GESCHE DO YPSIOG.
  2337 | Sewer    | 2337 ||| READING scroll labelled ZIUQIS MAAG.
  2338 | Sewer    | 2338 ||| READING scroll labelled ZUOFIXZ LUUJ.
  2339 | Sewer    | 2339 ||| DRINKING 2 pink potions.
  2349 | D:3      | 2349 ||| PLANNING D:1-11
  2627 | D:4      | Noticed an ice beast
  2628 | D:4      | 2628 ||| DRINKING potion of haste.
  2637 | D:4      | Killed an ice beast
  2638 | D:4      | Reached skill level 6 in Ranged Weapons
  2759 | D:4      | You fall into a shaft and drop 2 floors!
  2881 | D:6      | 2881 ||| READING scroll of identify.
  2881 | D:6      | 2881 ||| IDENTIFYING blue potion
  2882 | D:6      | 2882 ||| DRINKING 2 orange potions.
  2883 | D:6      | 2883 ||| DROPPING potion of magic.
  2896 | D:6      | Reached XP level 7. HP: 29/35 MP: 8/8
  2926 | D:6      | 2926 ||| FLEEEEING.
  2927 | D:6      | 2927 ||| STAIRDANCE
  2928 | D:5      | Entered Level 5 of the Dungeon
  3030 | D:4      | Found a burning altar of Makhleb.
  3033 | D:4      | Found a glowing silver altar of Zin.
  3038 | D:4      | Found a snail-covered altar of Cheibriados.
  3041 | D:4      | Found an ornate altar of the Wu Jian Council.
  3124 | D:4      | 3124 ||| FLEEEEING.
  3125 | D:4      | 3125 ||| FLEEEEING.
  3126 | D:4      | 3126 ||| FLEEEEING.
  3128 | D:4      | 3128 ||| FLEEEEING.
  3130 | D:4      | 3130 ||| FLEEEEING.
  3132 | D:4      | 3132 ||| FLEEEEING.
  3135 | D:4      | 3135 ||| FLEEEEING.
  3137 | D:4      | 3137 ||| FLEEEEING.
  3138 | D:4      | 3138 ||| FLEEEEING.
  3139 | D:4      | 3139 ||| FLEEEEING.
  3140 | D:4      | 3140 ||| FLEEEEING.
  3141 | D:4      | 3141 ||| FLEEEEING.
  3222 | D:4      | HP: 7/35 [burnt (3)]
  3224 | D:4      | HP: 3/35 [burnt (2)]
  3225 | D:4      | Incinerated by a bombardier beetle

Levels and vault maps discovered:
D:1:      lemuel_arrival_rhombus, layout_basic,
          hellmonk_ecumenical_altar_watching_god
D:2:      layout_basic, serial_shops, shop
D:3:      layout_loops_ring, mainiacjoe_sewer_entry_somewhere_in_here_1,
          chequers_arboretum
D:4:      layout_rooms, grunt_temple_overflow_cloverleaf, nrook_mini_backslash,
          nicolae_elevator_lobby_plus, uniq_pikel, uniq_edmund
D:5:      layout_loops_ring, minmay_temple_entry_mist
D:6:      layout_basic, uniq_crazy_yiuf_cottage, uniq_prince_ribbit1

Skill      XL: |  1  2  3  4  5  6  7 |
---------------+----------------------+-----
Dodging        | 3 4 6 7 |  7.1
Ranged Weapons | 5 6 7 |  7.0
Fighting       | 2 |  2.9
Stealth        | |  1.5

Action                     |  1- 3 |  4- 6 |  7- 9 || total
---------------------------+-------+-------+-------++-------
   Fire: Shortbow          |    84 |   125 |    34 ||   243
    Use: Scroll            |     6 |     5 |       ||    11
         Potion            |       |     3 |       ||     3
 Armour: Robe              |    10 |    24 |    11 ||    45
  Dodge: Dodged            |    36 |    63 |    21 ||   120

Table legend:
 A = Non-vault XP
 B = Vault XP
 C = Vault XP percentage of total XP
 D = Non-vault monster count
 E = Vault monster count
 F = Vault count percentage of total count
                 A         B        C        D         E       F
            +---------+---------+-------+---------+---------+-------
      Total |     682 |     347 |  33.7 |      64 |      19 |  22.9
            +---------+---------+-------+---------+---------+-------
        D:1 |      21 |       0 |   0.0 |      12 |       0 |   0.0
        D:2 |      24 |       0 |   0.0 |      13 |       0 |   0.0
        D:3 |      81 |      19 |  19.0 |      14 |       6 |  30.0
        D:4 |     445 |       0 |   0.0 |      23 |       0 |   0.0
        D:6 |     111 |       0 |   0.0 |       2 |       0 |   0.0
      Sewer |       0 |     328 | 100.0 |       0 |      13 | 100.0
            +---------+---------+-------+---------+---------+-------
